[Event "Monday 22January Rapid Engine Tour 12+1 Rounds 9 Starts 1600 ST"]
[Site "Infinity Chess"]
[Date "2018.1.22"]
[Round "1"]
[White "OlivierEvan"]
[Black "Marsell"]
[Result "0-1 "]
[ECO "C55"]
[WhiteElo "2403"]
[BlackElo "2458"]
[WhiteEngine "Houdini 6"]
[BlackEngine "asmFishW_2018-01-11_popcnt"]
[EventType "Swiss"]
[WhiteTeam ""]
[BlackTeam ""]
[PlyCount "125"]
[TimeControl "720+1"]

1. e4 e5 2. Nf3 Nc6 3. Bc4 Nf6 4. d3 Bc5 5. c3 d6 6. O-O O-O 7. Bg5 h6 8. Bh4 a6 
9. a4 g5 10. Bg3 Ba7 11. Nbd2 Nh7 12. h3 h5 13. Kh1 Kh8 14. b4 h4 15. Bh2 g4 
16. hxg4 Bxg4 17. b5 Na5 18. Ba2 Ng5 19. d4 h3 20. gxh3 Nxh3 21. Qe1 Rg8 
22. bxa6 Rg7 23. Qe3 Qf6 24. axb7 Nxb7 25. Nxe5 dxe5 26. Bxe5 Qxe5 27. Qh6+ Rh7 
28. Qxh7+ Kxh7 29. dxe5 Nc5 30. Bxf7 Rd8 31. Ra2 Rh8 32. Kg2 Nd3 33. f4 Be2 
34. Kxh3 Kg7+ 35. Bh5 Rxh5+ 36. Kg3 Rh6 37. f5 Rh8 38. a5 Rg8 39. Kh2 Kh6 
40. Rf3 Bg1+ 41. Kh3 Bxf3 42. Nxf3 Nf2+ 43. Rxf2 Bxf2 44. e6 Rg3+ 45. Kh2 Rg4 
46. e5 Kg7 47. f6+ Kf8 48. a6 Ke8 49. e7 Bc5 50. Kh3 Rc4 51. Kg3 Rxc3 
52. Kf4 Ra3 53. Ke4 Kd7 54. a7 Rxa7 55. e6+ Ke8 56. Ne5 Ra6 57. Kf5 Bxe7 
58. fxe7 Ra1 59. Nc6 Rc1 60. Na7 Kxe7 61. Nc8+ Kd8 62. Na7 c6 63. Kf6 0-1

[Event "Monday 22January Rapid Engine Tour 12+1 Rounds 9 Starts 1600 ST"]
[Site "Infinity Chess"]
[Date "2018.1.22"]
[Round "1"]
[White "Wolle"]
[Black "Dinkelberger"]
[Result "1-0"]
[ECO "C11"]
[WhiteElo "2461"]
[BlackElo "2408"]
[WhiteEngine "Raubfisch X37a2_CTG"]
[BlackEngine "stockfish_17111113_x64_modern_CTG"]
[EventType "Swiss"]
[WhiteTeam ""]
[BlackTeam ""]
[PlyCount "273"]
[TimeControl "720+1"]

1. e4 e6 2. d4 d5 3. Nc3 Nf6 4. e5 Nfd7 5. f4 c5 6. Nf3 Nc6 7. Be3 Be7 
8. Qd2 O-O 9. dxc5 Nxc5 10. O-O-O b6 11. Kb1 Bb7 12. Qe1 Rc8 13. h4 a6 
14. h5 Qc7 15. Ne2 b5 16. Ned4 Nxd4 17. Bxd4 Ne4 18. Bd3 a5 19. g4 b4 20. f5 Bc5 
21. Bxc5 Qxc5 22. h6 g6 23. Qh4 Qf2 24. Qe7 Rfe8 25. Qxb7 Nc5 26. Qb5 Qxf3 
27. fxe6 Rxe6 28. Rhf1 Qe3 29. Qxa5 Rxe5 30. Qxb4 Qxh6 31. Qc3 Ree8 32. Bb5 Ne4 
33. Qd4 Red8 34. a4 Qg5 35. Rg1 Qf4 36. Rg2 Rc7 37. c4 Qf3 38. Rgg1 Rcc8 
39. cxd5 Rc5 40. Qb4 Rdxd5 41. Rxd5 Rxd5 42. Ka2 Rd2 43. Rc1 Qe3 44. a5 Nd6 
45. Rc3 Qe5 46. a6 Qxb5 47. Rc8+ Kg7 48. Qc3+ f6 49. Rc7+ Nf7 50. Qxd2 Qxa6+ 
51. Kb1 Qe6 52. Qd3 Kf8 53. Qa3+ Kg7 54. Qe7 Qb3 55. Qe4 h5 56. gxh5 Qd1+ 
57. Ka2 Qxh5 58. Qb7 g5 59. Qd5 Qg6 60. Qd7 Qh5 61. b4 g4 62. Rc4 g3 
63. Qg4+ Kh6 64. Qxg3 Qd5 65. Qb3 Qd7 66. b5 Ne5 67. Rh4+ Kg7 68. Qg3+ Ng6 
69. Rg4 Kf7 70. Qb3+ Kg7 71. Rg2 Qa7+ 72. Kb2 Qd4+ 73. Qc3 Qe4 74. Rxg6+ Qxg6 
75. Qc6 Qg3 76. b6 Qe5+ 77. Kb3 Kf8 78. b7 Ke7 79. Kc4 Qe2+ 80. Kc5 Qf2+ 
81. Kb5 Qb2+ 82. Ka6 Qa3+ 83. Kb6 Qb4+ 84. Kc7 Qf4+ 85. Kb6 Qb4+ 86. Qb5 Qd6+ 
87. Ka5 Qa3+ 88. Qa4 Qc5+ 89. Ka6 Qd6+ 90. Ka7 Qc5+ 91. Ka8 Qd5 92. Qb4+ Kd7 
93. Qg4+ Kc7 94. Qg3+ Kd7 95. Qg7+ Ke8 96. Qxf6 Qa5+ 97. Kb8 Kd7 98. Qd4+ Ke7 
99. Kc8 Qf5+ 100. Kc7 Qa5+ 101. Kc6 Qa6+ 102. Qb6 Qa4+ 103. Qb5 Qe4+ 
104. Qd5 Qa4+ 105. Kb6 Qb4+ 106. Ka6 Qa4+ 107. Kb6 Qb4+ 108. Ka6 Qa4+ 
109. Qa5 Qc4+ 110. Ka7 Qd4+ 111. Ka8 Qe4 112. Qb5 Kf8 113. Qc5+ Kg8 
114. Qc8+ Kg7 115. Qc3+ Kg8 116. Qf6 Qd5 117. Kb8 Qd2 118. Qe6+ Kh7 
119. Kc8 Qc3+ 120. Kd7 Qd4+ 121. Ke8 Qb2 122. Qh3+ Kg6 123. Qg3+ Kf5 
124. b8=Q Qh8+ 125. Kd7 Qd4+ 126. Qbd6 Qa4+ 127. Ke7 Qe4+ 128. Kf7 Qb7+ 
129. Qc7 Qxc7+ 130. Qxc7 Ke4 131. Qc3 Kf4 132. Ke6 Ke4 133. Qd2 Kf3 134. Kf5 Kg3 
135. Qe2 Kh3 136. Kf4 Kh4 137. Qh2# 1-0

[Event "Monday 22January Rapid Engine Tour 12+1 Rounds 9 Starts 1600 ST"]
[Site "Infinity Chess"]
[Date "2018.1.22"]
[Round "1"]
[White "Thinker"]
[Black "SkyPilot"]
[Result "1/2-1/2"]
[ECO "C55"]
[WhiteElo "2417"]
[BlackElo "2464"]
[WhiteEngine "BrainFish_180113_x64_modern_CTG"]
[BlackEngine "stockfish_x64_bmi2_2018_01_13_CTG"]
[EventType "Swiss"]
[WhiteTeam ""]
[BlackTeam ""]
[PlyCount "79"]
[TimeControl "720+1"]

1. e4 e5 2. Nf3 Nc6 3. Bc4 Nf6 4. d3 Bc5 5. c3 d6 6. O-O O-O 7. Bg5 h6 8. Bh4 a6 
9. b4 Ba7 10. a4 g5 11. Bg3 Ne7 12. Nbd2 Kg7 13. d4 Nh5 14. Kh1 g4 15. Nh4 exd4 
16. Rc1 dxc3 17. Rxc3 Bd4 18. Rd3 Bb2 19. Bb3 b5 20. h3 Nxg3+ 21. Rxg3 bxa4 
22. Bxa4 Rb8 23. hxg4 Rxb4 24. Bb3 Rh8 25. Qc2 Bf6 26. Rf3 Rxb3 27. Rxf6 Kxf6 
28. Qxb3 Kg7 29. Qc3+ Kh7 30. f3 Ng6 31. Nxg6 Kxg6 32. Rd1 Qh4+ 33. Kg1 Qf6 
34. Qd3 Qe5 35. Qe3 Qg5 36. Qc3 Qe5 37. Qe3 Qg5 38. Qc3 Qf6 39. Qd3 Qe5 40. Qe3 
1/2-1/2

[Event "Monday 22January Rapid Engine Tour 12+1 Rounds 9 Starts 1600 ST"]
[Site "Infinity Chess"]
[Date "2018.1.22"]
[Round "1"]
[White "KhalidOmar"]
[Black "Satria_Ungu"]
[Result "1/2-1/2"]
[ECO "A40"]
[WhiteElo "2464"]
[BlackElo "2419"]
[WhiteEngine "Eman 1.66 64-bit BMI2"]
[BlackEngine "Houdini 6_CTG"]
[EventType "Swiss"]
[WhiteTeam ""]
[BlackTeam ""]
[PlyCount "122"]
[TimeControl "720+1"]

1. d4 c6 2. e4 d5 3. e5 c5 4. Nf3 cxd4 5. Nxd4 Nc6 6. c4 e6 7. Nc3 Bc5 
8. Nxc6 bxc6 9. cxd5 exd5 10. Bd3 Ne7 11. O-O Bf5 12. Na4 Bd4 13. Bf4 O-O 
14. Rc1 Ng6 15. Bxf5 Nxf4 16. g3 Qg5 17. Bg4 Bxe5 18. Rxc6 h5 19. Bd7 h4 
20. Re1 hxg3 21. hxg3 Bf6 22. b3 Rab8 23. Kf1 Ng6 24. Rc5 Ne7 25. Nc3 Rfd8 
26. Ne4 Qh6 27. Nxf6+ Qxf6 28. Bg4 Qd6 29. Qc1 Rb6 30. Bf3 Rc6 31. Rxc6 Nxc6 
32. Rd1 Ne7 33. Rd4 g6 34. Kg2 Kg7 35. Qd2 Qe5 36. a4 Rc8 37. Rd3 Rd8 38. b4 d4 
39. b5 Nf5 40. Qc2 Qe7 41. Rd1 Qb4 42. Qe2 Rd6 43. Rc1 Re6 44. Qa2 Qe7 
45. Qd2 a6 46. Ra1 axb5 47. axb5 Qc5 48. Rb1 Qc3 49. Qd1 d3 50. Rb3 Qc5 
51. Qxd3 Nd4 52. Rb1 Rb6 53. Be4 Rxb5 54. Rxb5 Nxb5 55. Qd5 Qxd5 56. Bxd5 f5 
57. Bc4 Nc3 58. f4 Kf6 59. Bd3 Nd5 60. Kf2 Nxf4 61. gxf4 g5 1/2-1/2

[Event "Monday 22January Rapid Engine Tour 12+1 Rounds 9 Starts 1600 ST"]
[Site "Infinity Chess"]
[Date "2018.1.22"]
[Round "1"]
[White "Dovahkiin"]
[Black "MarioDeMonti"]
[Result "1/2-1/2"]
[ECO "A00"]
[WhiteElo "2424"]
[BlackElo "2467"]
[WhiteEngine "BrainFish_180113_x64_modern_CTG"]
[BlackEngine "stockfish_x64_bmi2_2018_01_13_CTG"]
[EventType "Swiss"]
[WhiteTeam ""]
[BlackTeam ""]
[PlyCount "91"]
[TimeControl "720+1"]

1. e3 e5 2. e4 Nf6 3. Nc3 Bc5 4. Bc4 O-O 5. Nf3 d6 6. d3 c6 7. a4 Re8 
8. O-O Nbd7 9. h3 h6 10. Be3 a5 11. Bxc5 Nxc5 12. Re1 Be6 13. Bxe6 Nxe6 
14. b3 Qb6 15. Ne2 g6 16. Qc1 Kg7 17. Qb2 Qa7 18. Nd2 b5 19. b4 Reb8 
20. axb5 Qc7 21. bxc6 Qxc6 22. c3 Nc5 23. Qc2 axb4 24. Rxa8 Qxa8 25. cxb4 Rxb4 
26. Nc4 Qa4 27. Qxa4 Rxa4 28. Nxd6 Nxd3 29. Rd1 Ra2 30. Rxd3 Rxe2 31. Kf1 Rc2 
32. g4 Rc1+ 33. Kg2 Rc5 34. f3 Kf8 35. Rb3 Ke7 36. Nb5 Rc2+ 37. Kg3 Nd7 
38. Ra3 Nc5 39. Ra7+ Kf6 40. Nd6 Nd3 41. g5+ hxg5 42. Ne8+ Ke6 43. Ng7+ Kf6 
44. Ne8+ Ke6 45. Ng7+ Kf6 46. Ne8+ 1/2-1/2

[Event "Monday 22January Rapid Engine Tour 12+1 Rounds 9 Starts 1600 ST"]
[Site "Infinity Chess"]
[Date "2018.1.22"]
[Round "1"]
[White "CrapCleaner"]
[Black "Prometheus"]
[Result "1-0"]
[ECO "B00"]
[WhiteElo "2471"]
[BlackElo "2426"]
[WhiteEngine "Raubfisch ME262_GTZ16b3._CTG"]
[BlackEngine "Eman 1.58-64bit-IDeA"]
[EventType "Swiss"]
[WhiteTeam ""]
[BlackTeam ""]
[PlyCount "169"]
[TimeControl "720+1"]

1. e4 Nc6 2. d4 d5 3. e5 Bf5 4. c3 f6 5. f4 e6 6. Nf3 Nh6 7. Be2 Be7 8. O-O O-O 
9. Nbd2 Qe8 10. Ne1 b6 11. Nd3 Nd8 12. h3 fxe5 13. fxe5 c5 14. g4 Bg6 
15. Nf4 Bg5 16. Nxg6 Rxf1+ 17. Kxf1 Qxg6 18. Nf3 Bxc1 19. Rxc1 Nc6 20. Qd3 Qxd3 
21. Bxd3 Nf7 22. Ke2 h6 23. h4 Kf8 24. Ke3 a5 25. g5 Ne7 26. Rf1 Kg8 
27. gxh6 Nxh6 28. Kd2 Nf7 29. Rg1 Rc8 30. h5 Rf8 31. Ke3 Rc8 32. Bb5 Nd8 
33. Kf4 Kf8 34. Bd3 Ng8 35. Ke3 Rb8 36. Ng5 Nh6 37. Nh7+ Kg8 38. Nf6+ Kf7 
39. Bg6+ Ke7 40. Ne8 Kf8 41. Nd6 Nc6 42. Bb1 Ne7 43. Bh7 Nc6 44. a3 Nd8 
45. Rf1+ Ke7 46. Rg1 Kf8 47. Bg6 Ra8 48. Rf1+ Ke7 49. Be8 Rb8 50. Rg1 Kf8 
51. Rf1+ Ke7 52. Rg1 Kf8 53. Bd7 Nhf7 54. a4 cxd4+ 55. cxd4 Nxd6 56. exd6 Nf7 
57. Bxe6 Re8 58. Rg6 Nxd6 59. Kf4 Ke7 60. Bg4 Rf8+ 61. Ke5 Ne8 62. Rxb6 Rf1 
63. Rb7+ Kf8 64. Bd7 Nf6 65. Bf5 Nxh5 66. b4 Ng3 67. Bd3 Re1+ 68. Kxd5 Rd1 
69. bxa5 Rxd3 70. a6 Ne2 71. Rb4 Rg3 72. a7 Rg5+ 73. Kc4 Ra5 74. Rb8+ Ke7 
75. a8=Q Rxa8 76. Rxa8 Nf4 77. a5 g6 78. a6 Kd6 79. a7 Ng2 80. Re8 Ne3+ 
81. Rxe3 Kc6 82. a8=Q+ Kd7 83. d5 Kc7 84. Re7+ Kb6 85. Rb7# 1-0

[Event "Monday 22January Rapid Engine Tour 12+1 Rounds 9 Starts 1600 ST"]
[Site "Infinity Chess"]
[Date "2018.1.22"]
[Round "1"]
[White "Longin"]
[Black "Eman"]
[Result "1/2-1/2"]
[ECO "C55"]
[WhiteElo "2429"]
[BlackElo "2477"]
[WhiteEngine "S_XPrO.251117.x64.POPCNT_CTG"]
[BlackEngine "Eman 1.66 64-bit POPCNT"]
[EventType "Swiss"]
[WhiteTeam ""]
[BlackTeam ""]
[PlyCount "65"]
[TimeControl "720+1"]

1. e4 e5 2. Nf3 Nc6 3. Bc4 Nf6 4. d3 Bc5 5. c3 a5 6. O-O d6 7. Re1 O-O 
8. Nbd2 Be6 9. Bb5 Ne7 10. d4 Ba7 11. h3 Ng6 12. Ba4 c6 13. Bc2 Nh5 14. Nf1 Nhf4 
15. Ng3 f6 16. Nf5 d5 17. N3h4 Qd7 18. Be3 dxe4 19. Bxe4 exd4 20. Nxd4 Nxh4 
21. Nxe6 Qxd1 22. Raxd1 Nxe6 23. Bxa7 Rxa7 24. g3 Re8 25. gxh4 Raa8 26. Bc2 Nf4 
27. Rxe8+ Rxe8 28. Bb3+ Kf8 29. Rd7 Re7 30. Rd8+ Re8 31. Rd7 Re7 32. Rd8+ Re8 
33. Rd7 1/2-1/2

[Event "Monday 22January Rapid Engine Tour 12+1 Rounds 9 Starts 1600 ST"]
[Site "Infinity Chess"]
[Date "2018.1.22"]
[Round "1"]
[White "RonWeasley"]
[Black "hafaba"]
[Result "1/2-1/2"]
[ECO "B00"]
[WhiteElo "2499"]
[BlackElo "2436"]
[WhiteEngine "BrainFish 130117_CTG"]
[BlackEngine "Stockfish SL FA POPCNT_CTG"]
[EventType "Swiss"]
[WhiteTeam ""]
[BlackTeam ""]
[PlyCount "214"]
[TimeControl "720+1"]

1. e4 Nc6 2. Nc3 e5 3. g3 Bc5 4. Na4 d6 5. d3 f5 6. Nxc5 dxc5 7. Qh5+ g6 
8. Qe2 Qe7 9. Nf3 fxe4 10. dxe4 Be6 11. Bg2 O-O-O 12. O-O h6 13. Be3 Nf6 
14. Rad1 g5 15. c3 Nxe4 16. Rxd8+ Rxd8 17. h4 Kb8 18. Bxg5 hxg5 19. Qxe4 Bd5 
20. Qg4 gxh4 21. Qxh4 Qxh4 22. gxh4 Rh8 23. Re1 e4 24. Nd2 Rxh4 25. Bxe4 Rh5 
26. f4 b6 27. Bxd5 Rxd5 28. Nc4 Rf5 29. Re4 Nd8 30. Kh2 Kc8 31. Kg3 Rf8 
32. b3 Rg8+ 33. Kf3 Nf7 34. Re2 Rg1 35. Re7 Rg7 36. Re1 Rh7 37. Kg4 Kd8 
38. Re2 Rh1 39. Kf5 Rh6 40. Nd2 Nd6+ 41. Kg5 Nf7+ 42. Kg4 Rh1 43. f5 Rg1+ 
44. Kf4 Nh6 45. Rh2 Nf7 46. Re2 Nh6 47. Rh2 Nf7 48. Nf3 Rc1 49. c4 a5 50. f6 a4 
51. Kf5 Rc3 52. Kg6 Nd6 53. Ng5 axb3 54. axb3 Rxb3 55. f7 Nxf7 56. Nxf7+ Kd7 
57. Rh7 Rb1 58. Kf5 Rf1+ 59. Ke4 Re1+ 60. Kf5 Rd1 61. Ne5+ Kc8 62. Rh6 Rd4 
63. Rh1 Kb7 64. Rh6 Ka6 65. Rc6 Kb7 66. Rg6 Rd6 67. Rg7 Rd4 68. Rg6 Kc8 
69. Rg8+ Kb7 70. Re8 Ka6 71. Rb8 Rd6 72. Nf7 Rd4 73. Ne5 Rd1 74. Ra8+ Kb7 
75. Rh8 Rd4 76. Rh6 Rd6 77. Rh7 Rd4 78. Rh8 Ka6 79. Ra8+ Kb7 80. Rg8 Rh4 
81. Ke6 Rd4 82. Kf5 Rd6 83. Ke4 c6 84. Ke3 b5 85. Rh8 Kb6 86. Rh2 Rd4 
87. cxb5 cxb5 88. Nd3 b4 89. Rh6+ Kb5 90. Ne5 Rd5 91. Ke4 Rd1 92. Nd3 Rg1 
93. Rh8 b3 94. Rc8 Rg5 95. Rb8+ Kc4 96. Ne5+ Kc3 97. Rc8 Kb4 98. Nd3+ Kb5 
99. Rb8+ Ka4 100. Nb2+ Ka3 101. Nc4+ Ka2 102. Ra8+ Kb1 103. Rc8 b2 104. Rb8 Rg4+ 
105. Kd5 Rg2 106. Nxb2 Rxb2 107. Rxb2+ Kxb2 1/2-1/2

[Event "Monday 22January Rapid Engine Tour 12+1 Rounds 9 Starts 1600 ST"]
[Site "Infinity Chess"]
[Date "2018.1.22"]
[Round "1"]
[White "KULLANI"]
[Black "Victorious"]
[Result "0-1"]
[ECO "C50"]
[WhiteElo "2439"]
[BlackElo "2504"]
[WhiteEngine "asmfish-popcnt-012018-W_CTG"]
[BlackEngine "BugChess2.41_Release"]
[EventType "Swiss"]
[WhiteTeam ""]
[BlackTeam ""]
[PlyCount "154"]
[TimeControl "720+1"]

1. e4 e5 2. Nf3 Nc6 3. Bc4 Bc5 4. O-O Nf6 5. d3 d6 6. c3 O-O 7. Bg5 h6 8. Bh4 g5 
9. Bg3 a6 10. Re1 Ba7 11. Nbd2 Nh7 12. h3 h5 13. d4 g4 14. hxg4 hxg4 15. Bh4 Qd7 
16. Nh2 Kh8 17. Be2 Rg8 18. Nb3 Qe6 19. Bxg4 Rxg4 20. Qxg4 Qxg4 21. Nxg4 Bxg4 
22. d5 Nd8 23. c4 Kg7 24. Rac1 f6 25. c5 Nf7 26. f3 Bd7 27. Bf2 f5 28. exf5 Bxf5 
29. Na5 Nf6 30. Nxb7 Nxd5 31. cxd6 Bxf2+ 32. Kxf2 Bc8 33. Nc5 cxd6 34. Red1 Nf6 
35. Na4 Bd7 36. b3 Bxa4 37. bxa4 a5 38. Rc7 Kg6 39. Rdc1 Nd5 40. Rc8 Ra7 
41. Rb8 Kf5 42. Rcc8 Ne7 43. Rc2 Ke6 44. Rc1 Kd7 45. g4 Nd8 46. Rh1 Rc7 
47. Rh8 Ne6 48. Rh6 Nd4 49. Rb2 Kc6 50. Rh1 Nd5 51. Rc1+ Kd7 52. Rxc7+ Kxc7 
53. a3 Nf4 54. Rb1 d5 55. Rc1+ Kd7 56. Rh1 Nde6 57. Rh8 d4 58. Rb8 Nh3+ 
59. Kg3 Nef4 60. Rb1 d3 61. g5 Nxg5 62. Kf2 Nd5 63. Rd1 e4 64. Re1 Nxf3 
65. Rxe4 d2 66. Kxf3 d1=Q+ 67. Kf2 Qc1 68. Rh4 Qe3+ 69. Kf1 Qf3+ 70. Ke1 Qg3+ 
71. Kd1 Qxh4 72. Ke2 Qe4+ 73. Kd2 Qe3+ 74. Kd1 Qf2 75. Kc1 Nf4 76. Kb1 Nd3 
77. Ka1 Qb2# 0-1

[Event "Monday 22January Rapid Engine Tour 12+1 Rounds 9 Starts 1600 ST"]
[Site "Infinity Chess"]
[Date "2018.1.22"]
[Round "1"]
[White "xeonrocks"]
[Black "star99"]
[Result "1/2-1/2"]
[ECO "B90"]
[WhiteElo "2544"]
[BlackElo "2444"]
[WhiteEngine "asmFishW_CTG"]
[BlackEngine "Cryptic AIL V1"]
[EventType "Swiss"]
[WhiteTeam ""]
[BlackTeam ""]
[PlyCount "133"]
[TimeControl "720+1"]

1. e4 c5 2. Nf3 d6 3. d4 cxd4 4. Nxd4 Nf6 5. Nc3 a6 6. Be3 e5 7. Nf3 Be7 
8. Bc4 O-O 9. O-O Be6 10. Bxe6 fxe6 11. Na4 Ng4 12. Qd3 Nxe3 13. Qxe3 b5 
14. Nb6 Ra7 15. Nd5 Rb7 16. Nxe7+ Qxe7 17. Rfd1 Nd7 18. Rd2 Rb6 19. c3 Qd8 
20. a4 bxa4 21. Rxa4 Qc7 22. h3 Nf6 23. b4 Rc6 24. Ra3 Rc4 25. Rd3 Rc6 
26. Qe1 Rb8 27. Qe2 h6 28. Re3 Kh8 29. Qd3 Qb7 30. Kh2 Rbc8 31. Qe2 R8c7 
32. Kg1 Kg8 33. Kh2 Kh8 34. Qa2 Qc8 35. Qb3 Kh7 36. g3 Kh8 37. Kg2 Kg8 
38. Qa2 Rb6 39. Qe2 Qb7 40. Kh2 Rc8 41. Kh1 Kh8 42. Kg1 Rbc6 43. Kg2 Rb6 
44. Kh2 Rbc6 45. Kg1 Kh7 46. Nd2 Kg8 47. Rf3 Qc7 48. Rxa6 Rxc3 49. Kg2 Rb8 
50. Rxc3 Qxc3 51. Rxd6 Rxb4 52. Rxe6 Qc2 53. Rd6 Nxe4 54. Rd8+ Kh7 55. f3 Nxd2 
56. Rxd2 Qf5 57. Rd5 Qb1 58. Rd2 e4 59. fxe4 Rxe4 60. Qd3 Qxd3 61. Rxd3 h5 
62. Kf3 Re6 63. g4 hxg4+ 64. hxg4 Kh6 65. Rd7 Rc6 66. Rd4 Rc3+ 67. Kf4 1/2-1/2

[Event "Monday 29 January Rapid Engine Tour 12+1 Rounds 9 Starts 1600 ST"]
[Site "Infinity Chess"]
[Date "2018.1.29"]
[Round "9"]
[White "Dovahkiin"]
[Black "Satria_Ungu"]
[Result "1/2-1/2"]
[ECO "C77"]
[WhiteElo "2381"]
[BlackElo "2368"]
[WhiteEngine "BrainFish_180128_x64_modern_CTG"]
[BlackEngine "Houdini 6_CTG"]
[EventType "Swiss"]
[WhiteTeam ""]
[BlackTeam ""]
[PlyCount "199"]
[TimeControl "720+1"]

1. e4 e5 2. Nf3 Nc6 3. Bb5 a6 4. Ba4 Nf6 5. d3 Bc5 6. O-O d6 7. c3 Ba7 
8. Re1 O-O 9. h3 Re8 10. Nbd2 h6 11. Nf1 Bd7 12. Bc2 Ne7 13. Ng3 Ng6 14. d4 c5 
15. Be3 exd4 16. cxd4 Rc8 17. d5 Bb6 18. Bd2 Ba5 19. a4 Bxd2 20. Qxd2 b6 
21. Bd3 c4 22. Bc2 Qc7 23. Re3 Qc5 24. Nd4 Ne5 25. Ngf5 Ng6 26. Kh2 Kf8 
27. f3 Kg8 28. Rc3 Ne5 29. Rb1 b5 30. b4 Qb6 31. Ra1 g6 32. Nxh6+ Kg7 33. a5 Qd8 
34. Kg1 Rh8 35. Ng4 Bxg4 36. fxg4 Qe7 37. Rf1 Nfd7 38. Rg3 Rce8 39. Qe3 Kg8 
40. Rf2 Rc8 41. Rf1 Re8 42. Ne2 Kg7 43. Bb1 Ra8 44. Rf2 Kg8 45. Nd4 Re8 
46. Rf1 Qd8 47. Ne2 Qc7 48. Bc2 Rh7 49. Kh1 Rc8 50. Rf4 Rh4 51. Rf1 Rh7 
52. Rf4 Rh4 53. Kg1 Qd8 54. Rf2 Rh8 55. Qd2 Qe7 56. Qe3 Qd8 57. Qd2 Qe7 
58. Rf1 Kg7 59. Nd4 Rce8 60. Qf2 Kg8 61. Qe3 Rc8 62. Qd2 Re8 63. Ne2 Rh7 
64. Nd4 Rh8 65. Rc3 Nb8 66. Qe3 Nbd7 67. Qd2 Nb8 68. Rd1 Rh7 69. Qf4 Qa7 
70. Qe3 Qe7 71. Rf1 Nbd7 72. Ne2 Ra8 73. Qf4 Re8 74. Qe3 Ra8 75. Qf4 Re8 
76. Rg3 Rh8 77. Nd4 Rh7 78. Rc3 Nb8 79. Qe3 Nbd7 80. Nc6 Nxc6 81. dxc6 Ne5 
82. Qb6 Kg7 83. c7 Rhh8 84. Qxa6 Qxc7 85. Qxb5 Rb8 86. Qa4 Rb7 87. Rb1 d5 
88. Rd1 d4 89. Rxd4 Nxg4 90. hxg4 Qh2+ 91. Kf1 Qh1+ 92. Kf2 Qh4+ 93. Rg3 Qf6+ 
94. Ke3 Qh4 95. Rf3 Qe1+ 96. Kf4 Qc1+ 97. Kg3 Qe1+ 98. Kf4 Qc1+ 99. Kg3 Qe1+ 
100. Kf4 1/2-1/2

[Event "Monday 29 January Rapid Engine Tour 12+1 Rounds 9 Starts 1600 ST"]
[Site "Infinity Chess"]
[Date "2018.1.29"]
[Round "9"]
[White "Katzenmaier"]
[Black "Thinker"]
[Result "1/2-1/2"]
[ECO "C53"]
[WhiteElo "2480"]
[BlackElo "2391"]
[WhiteEngine "SugaR XPrO x64 POPCNT_CTG"]
[BlackEngine "BrainFish_180128_x64_modern_CTG"]
[EventType "Swiss"]
[WhiteTeam ""]
[BlackTeam ""]
[PlyCount "151"]
[TimeControl "720+1"]

1. e4 e5 2. Nf3 Nc6 3. Bc4 Bc5 4. c3 Nf6 5. d3 O-O 6. O-O d6 7. Nbd2 a5 8. h3 h6 
9. Re1 Bb6 10. Bb5 Be6 11. Nc4 Ba7 12. Bxc6 bxc6 13. Nxa5 Bxf2+ 14. Kxf2 Rxa5 
15. a4 Ra8 16. b4 Nd7 17. Kg1 c5 18. d4 f5 19. exf5 Rxf5 20. dxc5 dxc5 
21. b5 Qf6 22. a5 Qf7 23. Nd2 Rf8 24. Ne4 Nf6 25. Ng3 Rf2 26. Be3 Bb3 
27. Qb1 Nh5 28. Re2 Rxe2 29. Nxe2 Qc4 30. Bf2 Ba4 31. Qa2 Qxa2 32. Rxa2 Bxb5 
33. Ng3 Bc4 34. Ra4 Bb5 35. Ra1 Nf4 36. a6 Bc6 37. a7 Rd8 38. Bxc5 Nxg2 
39. Nh1 Nh4 40. Be7 Nf3+ 41. Kf1 Ra8 42. Ke2 Kf7 43. Bc5 Ng5 44. Nf2 Bd5 
45. h4 Ne6 46. Be3 Nf4+ 47. Kd2 Rd8 48. Bc5 Ke6 49. Kc2 Ra8 50. Ra6+ Kf5 
51. Nd1 Be4+ 52. Kb3 Bb7 53. Ra5 Bf3 54. Kc2 Be4+ 55. Kd2 Ke6 56. Nf2 Bf3 
57. Rb5 Ng2 58. Rb4 g6 59. Kc2 e4 60. Nh3 Kd7 61. Rb8 e3 62. Ng1 Be4+ 
63. Kd1 Bc6 64. Ke2 Nxh4 65. Kxe3 g5 66. Ne2 Nf5+ 67. Kf2 Ke6 68. c4 Kd7 
69. Nc1 Nd6 70. Nd3 Nxc4 71. Bd4 h5 72. Nc5+ Kd6 73. Na6 Kd7 74. Nc5+ Kd6 
75. Na6 Kd7 76. Nc5+ 1/2-1/2

[Event "Monday 29 January Rapid Engine Tour 12+1 Rounds 9 Starts 1600 ST"]
[Site "Infinity Chess"]
[Date "2018.1.29"]
[Round "9"]
[White "BraveDevil"]
[Black "ivrdurant"]
[Result "1/2-1/2"]
[ECO "D45"]
[WhiteElo "2426"]
[BlackElo "2380"]
[WhiteEngine "Cryptic AIL V2"]
[BlackEngine "Raubfisch X37b3._CTG"]
[EventType "Swiss"]
[WhiteTeam ""]
[BlackTeam ""]
[PlyCount "78"]
[TimeControl "720+1"]

1. d4 d5 2. c4 e6 3. Nc3 Nf6 4. Nf3 c6 5. e3 Nbd7 6. h3 Be7 7. cxd5 exd5 
8. Bd3 O-O 9. O-O b6 10. b3 Bd6 11. Qc2 Bb7 12. Re1 c5 13. Nb5 Be7 14. dxc5 Nxc5 
15. Bb2 Nfe4 16. Be2 a6 17. Nbd4 b5 18. Rec1 Rc8 19. Qd1 Qb6 20. Rc2 b4 
21. Ne5 g6 22. Rac1 Bf6 23. Nd3 Nxd3 24. Bxd3 Rxc2 25. Rxc2 Rc8 26. Rxc8+ Bxc8 
27. Qc2 Bb7 28. a3 bxa3 29. Bxa3 Bxd4 30. exd4 Qxd4 31. Bb2 Qb6 32. Bxe4 dxe4 
33. Qd2 e3 34. fxe3 f6 35. Qd7 Qxe3+ 36. Kh2 Qf4+ 37. Kg1 Qe3+ 38. Kh2 Qf4+ 
39. Kg1 Qe3+ 1/2-1/2

[Event "Monday 29 January Rapid Engine Tour 12+1 Rounds 9 Starts 1600 ST"]
[Site "Infinity Chess"]
[Date "2018.1.29"]
[Round "9"]
[White "hafaba"]
[Black "star99"]
[Result "1/2-1/2 "]
[ECO "D30"]
[WhiteElo "2456"]
[BlackElo "2386"]
[WhiteEngine "SF SL FA 26012018 POPCNT_CTG"]
[BlackEngine "Cryptic AIL V2"]
[EventType "Swiss"]
[WhiteTeam ""]
[BlackTeam ""]
[PlyCount "164"]
[TimeControl "720+1"]

1. d4 d5 2. c4 e6 3. Nf3 Nf6 4. Nc3 c6 5. e3 Nbd7 6. Be2 b6 7. O-O Bb7 
8. Nd2 Bb4 9. a3 Be7 10. b3 c5 11. Bf3 O-O 12. Bb2 Re8 13. Rc1 Rb8 14. Qe2 a6 
15. Rfd1 cxd4 16. exd4 b5 17. cxb5 axb5 18. Qxb5 Ne4 19. Bxe4 dxe4 20. Qe2 f5 
21. Na4 Bd5 22. Nc5 Bd6 23. Rc2 Rf8 24. Nc4 Bxc5 25. dxc5 Nxc5 26. Ne5 Nd3 
27. Nxd3 exd3 28. Rxd3 Rxb3 29. Rxb3 Bxb3 30. Rc1 Rf7 31. h3 Bd5 32. a4 h6 
33. Ra1 Qa5 34. Qe5 Rd7 35. f3 Kh7 36. Bc3 Qc5+ 37. Kh1 Qc6 38. Qe3 Bc4 
39. a5 Rd5 40. Rc1 Qd6 41. Rb1 Qe7 42. Qf4 Bd3 43. Re1 Qd6 44. Qxd6 Rxd6 
45. Rd1 Rd5 46. h4 Kg6 47. Kg1 f4 48. Kh2 h5 49. g3 fxg3+ 50. Kxg3 Kf7 
51. Kf2 g6 52. Ke3 Bc4 53. Rxd5 exd5 54. Kf4 Ke7 55. Bd4 Kd6 56. Kg5 Be2 
57. Kxg6 Bxf3 58. a6 Kc6 59. a7 Kb7 60. Kf6 Be4 61. Kg5 Bf3 62. Bc5 Be2 
63. Bb6 Bg4 64. Bd4 Bd1 65. Kf5 Bg4+ 66. Kg6 Bd1 67. Be3 Be2 68. Kf5 Bd3+ 
69. Kg5 Be2 70. Kf6 Bg4 71. Kg6 Bf3 72. Kh6 Be2 73. Bd4 Bd1 74. Kg5 Bf3 
75. Kf6 Bd1 76. Be3 Bf3 77. Bb6 Be4 78. Kf7 Ka8 79. Kf8 Kb7 80. Bg1 Bg2 
81. Bd4 Bf1 82. Bb6 Ka8 1/2-1/2

[Event "Monday 29 January Rapid Engine Tour 12+1 Rounds 9 Starts 1600 ST"]
[Site "Infinity Chess"]
[Date "2018.1.29"]
[Round "9"]
[White "KhalidOmar"]
[Black "Eman"]
[Result "1/2-1/2"]
[ECO "E00"]
[WhiteElo "2450"]
[BlackElo "2478"]
[WhiteEngine "Eman 1.68c 64-bit BMI2"]
[BlackEngine "Eman 1.68c 64-bit POPCNT"]
[EventType "Swiss"]
[WhiteTeam ""]
[BlackTeam ""]
[PlyCount "178"]
[TimeControl "720+1"]

1. d4 Nf6 2. c4 e6 3. g3 Bb4+ 4. Bd2 Be7 5. Nf3 d5 6. Qc2 O-O 7. Bg2 c6 
8. O-O b6 9. Rd1 Nbd7 10. Bf4 Bb7 11. Ne5 Nh5 12. Bd2 Nhf6 13. cxd5 cxd5 
14. Nc6 Bxc6 15. Qxc6 a6 16. Qc2 b5 17. a3 Qb6 18. e3 Rfc8 19. Nc3 b4 
20. axb4 Bxb4 21. Rdc1 g6 22. Qd1 Qb7 23. Bf1 Nb6 24. Be1 Ne8 25. Bd3 a5 
26. h4 Nd6 27. h5 Qe7 28. Qg4 Rab8 29. Kg2 Kg7 30. Qf4 g5 31. Qf3 h6 32. Qd1 Kg8 
33. Ra2 Nd7 34. Ne2 Nf6 35. Bxb4 axb4 36. Rxc8+ Rxc8 37. Nc1 Kg7 38. Nb3 Nde4 
39. Qe2 Qc7 40. Ra1 Qb8 41. g4 Qd6 42. Ra7 Kg8 43. Kg1 Kg7 44. Ra1 Rc6 
45. Rb1 Rc7 46. Ra1 Rc8 47. Kg2 Rc7 48. Rg1 Nd7 49. Kh3 f5 50. f3 fxg4+ 
51. Rxg4 Nef6 52. Rg1 Qe7 53. Kg2 Rc8 54. Ra1 Nxh5 55. Kg1 Qd6 56. Qg2 Nhf6 
57. Ra7 Qb8 58. Ra6 Kf7 59. Qh3 g4 60. fxg4 Rg8 61. Kf1 Rxg4 62. Nc5 Nxc5 
63. dxc5 Qf8 64. Ra7+ Kg8 65. Qf3 Rg7 66. Rxg7+ Qxg7 67. c6 Ne8 68. Qh3 Kf7 
69. Qh2 Kf8 70. Ke1 Qg5 71. Ke2 e5 72. Qh3 e4 73. Bb5 Qf6 74. Ke1 Qxb2 
75. Qxh6+ Ke7 76. Qh7+ Kd6 77. Qd7+ Kc5 78. c7 Qa1+ 79. Kd2 Qa2+ 80. Kc1 Qa1+ 
81. Kd2 Qc3+ 82. Ke2 Qc2+ 83. Ke1 Qc3+ 84. Kd1 Qb3+ 85. Ke2 Qb2+ 86. Kd1 Qb3+ 
87. Ke2 Qc2+ 88. Ke1 Qc3+ 89. Kd1 Qb3+ 1/2-1/2